MWL (24 & UNDER)
BARRY'S BAY ORIOLES @ CINCINNATI PRIDE
09/09/2023
 
TOP OF THE 1ST
Barry's Bay Orioles batting - Pitching for Cincinnati Pride : LHP Weston Harper
Pitching: LHP Weston Harper
Batting: LHB Javier Orozco 0-0: Ball
1-0: Ball
2-0: Swinging Strike
2-1: Swinging Strike
2-2: Strikes out swinging
Batting: RHB Juan Velásquez 0-0: Ball
1-0: Ball
2-0: Called Strike
2-1: Called Strike
2-2: Foul Ball, location: 2F
2-2: Strikes out swinging
Batting: RHB Jonathan Montgomery 0-0: Ball
1-0: Swinging Strike
1-1: Called Strike
1-2: Ball
2-2: Strikes out swinging
Top of the 1st over - 0 run(s), 0 hit(s), 0 error(s), 0 left on base; Barry's Bay 0 - Cincinnati 0
BOTTOM OF THE 1ST
Cincinnati Pride batting - Pitching for Barry's Bay Orioles : RHP Dan Harris
Pitching: RHP Dan Harris
Batting: RHB Gabriel Villegas 0-0: Called Strike
0-1: Foul Ball, location: 2F
0-2: Ball
1-2: Strikes out looking
Batting: RHB Leonardo Pinto 0-0: Called Strike
0-1: Swinging Strike
0-2: Foul Ball, location: 2F
0-2: Ball
1-2: Strikes out swinging
Batting: RHB Wilson Flores 0-0: Ball
1-0: Foul Ball, location: 2F
1-1: Called Strike
1-2: Foul Ball, location: 2F
1-2: Foul Ball, location: 2F
1-2: Ball
2-2: Strikes out swinging
Bottom of the 1st over - 0 run(s), 0 hit(s), 0 error(s), 0 left on base; Barry's Bay 0 - Cincinnati 0
TOP OF THE 2ND
Barry's Bay Orioles batting - Pitching for Cincinnati Pride : LHP Weston Harper
Batting: RHB Enrico Ramos 0-0: Called Strike
0-1: Ball
1-1: Fly out, F3 (Popup, 23F)
Batting: RHB Jeff Stevenson 0-0: Called Strike
0-1: Ball
1-1: Called Strike
1-2: Ball
2-2: Strikes out swinging
Batting: RHB Pedro Molina 0-0: Ground out 1-3 (Groundball, 15)
Top of the 2nd over - 0 run(s), 0 hit(s), 0 error(s), 0 left on base; Barry's Bay 0 - Cincinnati 0
BOTTOM OF THE 2ND
Cincinnati Pride batting - Pitching for Barry's Bay Orioles : RHP Dan Harris
Batting: SHB Nick Marshall 0-0: Ball
1-0: Ball
2-0: Ground out 4-3 (Groundball, 4)
Batting: LHB Ricardo Brandariz 0-0: Called Strike
0-1: Foul Ball, location: 2F
0-2: Foul Ball, location: 2F
0-2: Ball
1-2: Fly out, F7 (Flyball, 7D)
Batting: RHB Jonas Uttley 0-0: Called Strike
0-1: Ball
1-1: Foul Ball, location: 2F
1-2: Ball
2-2: Ball
3-2: Ground out 6-3 (Groundball, 6)
Bottom of the 2nd over - 0 run(s), 0 hit(s), 0 error(s), 0 left on base; Barry's Bay 0 - Cincinnati 0
TOP OF THE 3RD
Barry's Bay Orioles batting - Pitching for Cincinnati Pride : LHP Weston Harper
Batting: RHB Vincent Braun 0-0: Foul Ball, location: 2F
0-1: Ball
1-1: Foul Ball, location: 2F
1-2: Foul Ball, location: 2F
1-2: Foul Ball, location: 2F
1-2: Strikes out swinging
Batting: RHB Tom Hughes 0-0: Ground out 3-1 (Groundball, 34)
Batting: RHB Curt Wagner 0-0: Foul Ball, location: 2F
0-1: Ground out 5-3 (Groundball, 56)
Top of the 3rd over - 0 run(s), 0 hit(s), 0 error(s), 0 left on base; Barry's Bay 0 - Cincinnati 0
BOTTOM OF THE 3RD
Cincinnati Pride batting - Pitching for Barry's Bay Orioles : RHP Dan Harris
Batting: RHB Randy Simons 0-0: Ball
1-0: DOUBLE (Line Drive, 89D)
Batting: RHB Larry Booth 0-0: Ball
1-0: Ground out 5-3 (Groundball, 56)
Batting: RHB Norris Howard 0-0: Ball
1-0: Called Strike
1-1: Fly out, F5 (Line Drive, 5L)
Batting: RHB Gabriel Villegas 0-0: Fly out, F9 (Popup, 89S)
Bottom of the 3rd over - 0 run(s), 1 hit(s), 0 error(s), 1 left on base; Barry's Bay 0 - Cincinnati 0
TOP OF THE 4TH
Barry's Bay Orioles batting - Pitching for Cincinnati Pride : LHP Weston Harper
Batting: LHB Javier Orozco 0-0: Ground out 4-3 (Groundball, 4M)
Batting: RHB Juan Velásquez 0-0: Swinging Strike
0-1: Swinging Strike
0-2: Ball
1-2: Strikes out swinging
Batting: RHB Jonathan Montgomery 0-0: Called Strike
0-1: Ball
1-1: Called Strike
1-2: Ball
2-2: Ball
3-2: Base on Balls
Batting: RHB Enrico Ramos 0-0: SINGLE (Line Drive, 56)
Jonathan Montgomery to second
Batting: RHB Jeff Stevenson 0-0: Called Strike
0-1: Foul Ball, location: 2F
0-2: Strikes out looking
Top of the 4th over - 0 run(s), 1 hit(s), 0 error(s), 2 left on base; Barry's Bay 0 - Cincinnati 0
BOTTOM OF THE 4TH
Cincinnati Pride batting - Pitching for Barry's Bay Orioles : RHP Dan Harris
Batting: RHB Leonardo Pinto 0-0: Ball
1-0: Called Strike
1-1: Ball
2-1: Ball
3-1: Called Strike
3-2: Base on Balls
Batting: RHB Wilson Flores 0-0: Fly out, F5 (Popup, 5SF)
Batting: SHB Nick Marshall 0-0: Called Strike
0-1: Ball
1-1: Called Strike
Leonardo Pinto steals 2nd base
1-2: Fly out, F7 (Flyball, 7D)
Runner from 2nd tags up, SAFE at 3rd, no throw
Batting: LHB Ricardo Brandariz 0-0: Ball
1-0: Ball
2-0: Fly out, F7 (Flyball, 78XD)
Bottom of the 4th over - 0 run(s), 0 hit(s), 0 error(s), 1 left on base; Barry's Bay 0 - Cincinnati 0
TOP OF THE 5TH
Barry's Bay Orioles batting - Pitching for Cincinnati Pride : LHP Weston Harper
Batting: RHB Pedro Molina 0-0: Foul Ball, location: 2F
0-1: Ball
1-1: Fly out, F7 (Flyball, 7M)
Batting: RHB Vincent Braun 0-0: Ball
1-0: Foul Ball, location: 2F
1-1: Ball
2-1: Swinging Strike
2-2: Foul Ball, location: 2F
2-2: Strikes out swinging
Batting: RHB Tom Hughes 0-0: Ball
1-0: Swinging Strike
1-1: Called Strike
1-2: Strikes out swinging
Top of the 5th over - 0 run(s), 0 hit(s), 0 error(s), 0 left on base; Barry's Bay 0 - Cincinnati 0
BOTTOM OF THE 5TH
Cincinnati Pride batting - Pitching for Barry's Bay Orioles : RHP Dan Harris
Batting: RHB Jonas Uttley 0-0: Called Strike
0-1: Ball
1-1: Ball
2-1: Called Strike
2-2: SINGLE (Groundball, 6MD)
Batting: RHB Randy Simons 0-0: Ball
1-0: Called Strike
1-1: Fielders Choice at 2nd, 1-4 (Groundball, 13S)
Batting: RHB Larry Booth 0-0: Ball
1-0: Ball
2-0: Fly out, F8 (Flyball, 8LM)
Batting: RHB Norris Howard 0-0: Ball
1-0: Ball
2-0: Called Strike
2-1: Foul Ball, location: 2F
2-2: Foul Ball, location: 2F
2-2: Strikes out looking
Bottom of the 5th over - 0 run(s), 1 hit(s), 0 error(s), 1 left on base; Barry's Bay 0 - Cincinnati 0
TOP OF THE 6TH
Barry's Bay Orioles batting - Pitching for Cincinnati Pride : LHP Weston Harper
Batting: RHB Curt Wagner 0-0: Called Strike
0-1: Ball
1-1: Foul Ball, location: 2F
1-2: Strikes out swinging
Batting: LHB Javier Orozco 0-0: Ball
1-0: Ground out 4-3 (Groundball, 4M)
Batting: RHB Juan Velásquez 0-0: Ball
1-0: Called Strike
1-1: Called Strike
1-2: Ball
2-2: Ball
3-2: Strikes out swinging
Top of the 6th over - 0 run(s), 0 hit(s), 0 error(s), 0 left on base; Barry's Bay 0 - Cincinnati 0
BOTTOM OF THE 6TH
Cincinnati Pride batting - Pitching for Barry's Bay Orioles : RHP Dan Harris
Batting: RHB Gabriel Villegas 0-0: Called Strike
0-1: Ball
1-1: Swinging Strike
1-2: Ball
2-2: Ball
3-2: Strikes out swinging
Batting: RHB Leonardo Pinto 0-0: Ball
1-0: Ground out 4-3 (Groundball, 34)
Batting: RHB Wilson Flores 0-0: Ball
1-0: Ball
2-0: Called Strike
2-1: Foul Ball, location: 2F
2-2: Fly out, F6 (Popup, 6MD)
Bottom of the 6th over - 0 run(s), 0 hit(s), 0 error(s), 0 left on base; Barry's Bay 0 - Cincinnati 0
TOP OF THE 7TH
Barry's Bay Orioles batting - Pitching for Cincinnati Pride : LHP Weston Harper
Batting: RHB Jonathan Montgomery 0-0: Swinging Strike
0-1: Ball
1-1: Foul Ball, location: 2F
1-2: Strikes out looking
Batting: RHB Enrico Ramos 0-0: Ball
1-0: Ball
2-0: Called Strike
2-1: Called Strike
2-2: Ground out 4-3 (Groundball, 34)
Batting: RHB Jeff Stevenson 0-0: Ball
1-0: Called Strike
1-1: Foul Ball, location: 2F
1-2: Foul Ball, location: 2F
1-2: Ball
2-2: SINGLE (Groundball, 6MD)
Pitching: RHP Tomás Pagán
Pinch Runner at 1st Joe Baker:
Batting: RHB Pedro Molina 0-0: Ball
1-0: Ball
2-0: Foul Ball, location: 2F
2-1: Ball
3-1: Foul Ball, location: 2F
3-2: Strikes out swinging
Top of the 7th over - 0 run(s), 1 hit(s), 0 error(s), 1 left on base; Barry's Bay 0 - Cincinnati 0
BOTTOM OF THE 7TH
Cincinnati Pride batting - Pitching for Barry's Bay Orioles : RHP Dan Harris
Now at 3B: Walt Simmons
Batting: SHB Nick Marshall 0-0: Foul Ball, location: 2F
0-1: Ball
1-1: Ball
2-1: Swinging Strike
2-2: Strikes out swinging
Pitching: LHP Ben Turner
Batting: LHB Ricardo Brandariz 0-0: Swinging Strike
0-1: Foul Ball, location: 2F
0-2: Ball
1-2: Ball
2-2: Foul Ball, location: 2F
2-2: Foul Ball, location: 2F
2-2: Strikes out swinging
Pitching: RHP Wilson Molina
Batting: RHB Jonas Uttley 0-0: Ball
1-0: Swinging Strike
1-1: Ball
2-1: Called Strike
2-2: Ball
3-2: Strikes out swinging
Bottom of the 7th over - 0 run(s), 0 hit(s), 0 error(s), 0 left on base; Barry's Bay 0 - Cincinnati 0
TOP OF THE 8TH
Barry's Bay Orioles batting - Pitching for Cincinnati Pride : RHP Tomás Pagán
Pinch Hitting: RHB Paul Spencer 0-0: Ball
1-0: DOUBLE (Flyball, 78XD)
Batting: RHB Tom Hughes 0-0: Ball
1-0: Sac Bunt - play at first, batter OUT! 1-3
Paul Spencer to third
Pinch Hitting: LHB Carlos Barrios 0-0: Ball
1-0: Foul Ball, location: 2F
1-1: Foul Ball, location: 2F
1-2: Strikes out swinging
Batting: LHB Javier Orozco 0-0: Ball
1-0: Called Strike
1-1: Called Strike
1-2: Foul Ball, location: 2F
1-2: Ball
2-2: Fly out, F4 (Line Drive, 4)
Top of the 8th over - 0 run(s), 1 hit(s), 0 error(s), 1 left on base; Barry's Bay 0 - Cincinnati 0
BOTTOM OF THE 8TH
Cincinnati Pride batting - Pitching for Barry's Bay Orioles : RHP Wilson Molina
Now at 1B: Carlos Barrios
Now at SS: Juan Romero
Pinch Hitting: SHB Rafael Villa 0-0: Ball
1-0: Ball
2-0: Ball
3-0: Called Strike
3-1: Swinging Strike
3-2: Reached on error, E3 (Groundball, 3)
Batting: RHB Larry Booth 0-0: Sac Bunt - play at first, batter OUT! 5-4
Rafael Villa to second
Pinch Hitting: RHB Roberto Chávez 0-0: Ball
1-0: Called Strike
1-1: Foul Ball, location: 2F
1-2: Ball
2-2: Ball
3-2: Base on Balls
Batting: RHB Gabriel Villegas 0-0: Ball
1-0: Swinging Strike
1-1: Swinging Strike
1-2: Ball
2-2: SINGLE (Flyball, 89M)
Rafael Villa to third
Roberto Chávez to second
Batting: RHB Leonardo Pinto 0-0: SINGLE (Groundball, 34)
Rafael Villa scores
Roberto Chávez to third
Gabriel Villegas to second
Runner from 3rd tries for Home, SAFE, no throw or cutoff
Pinch Hitting: LHB Wes Stone 0-0: Ball
1-0: Ball
2-0: Foul Ball, location: 2F
2-1: Called Strike
2-2: Ball
3-2: Base on Balls
Gabriel Villegas to third
Leonardo Pinto to second
Batting: SHB Nick Marshall 0-0: Called Strike
0-1: Called Strike
0-2: Strikes out swinging
Batting: LHB Ricardo Brandariz 0-0: Swinging Strike
0-1: Ball
1-1: DOUBLE (Flyball, 89M)
Gabriel Villegas scores
Leonardo Pinto scores
Wes Stone to third
Runner from 3rd tries for Home, SAFE, no throw or cutoff
Pitching: RHP Daniel Betteridge
Batting: RHB Jonas Uttley 0-0: Called Strike
0-1: Ball
1-1: Ball
2-1: Ground out 1-3 (Groundball, 15)
Bottom of the 8th over - 5 run(s), 3 hit(s), 1 error(s), 1 left on base; Barry's Bay 0 - Cincinnati 5
TOP OF THE 9TH
Barry's Bay Orioles batting - Pitching for Cincinnati Pride : RHP Tomás Pagán
Now at 1B: Marvin Morris
Now at 2B: Rafael Villa
Now in LF: Wes Stone
Batting: RHB Juan Velásquez 0-0: Fly out, F9 (Flyball, 9M)
Batting: RHB Jonathan Montgomery 0-0: Ball
1-0: Ball
2-0: Called Strike
2-1: Ball
3-1: Called Strike
3-2: SINGLE (Line Drive, 8LS)
Batting: RHB Enrico Ramos 0-0: Ball
1-0: Called Strike
1-1: SINGLE (Line Drive, 4D)
Jonathan Montgomery to second
Batting: SHB Walt Simmons 0-0: Fly out, F8 (Flyball, 8RM)
Batting: RHB Pedro Molina 0-0: Fly out, F7 (Flyball, 7LM)
Top of the 9th over - 0 run(s), 2 hit(s), 0 error(s), 2 left on base; Barry's Bay 0 - Cincinnati 5
This league is powered by Out of the Park Baseball, the baseball management simulation game for PC, Mac and Linux
Wednesday, December 2nd, 2015 - OOTP Baseball 16.8 Build 38